 Dungeon Crawl Stone Soup version 0.27-a0-1065-ge809cff456 (webtiles) character file.

Game seed: 8010544356494306773

142 leviel the Skirmisher (level 5, -1/42 HPs)
             Began as a Demonspawn Abyssal Knight on Apr 23, 2021.
             Was a Follower of Lugonu.
             Slain by a water moccasin (6 damage)
             ... on level 4 of the Dungeon.
             The game lasted 00:04:35 (1867 turns).

leviel the Skirmisher (Demonspawn Abyssal Knight)   Turns: 1867, Time: 00:04:35

Health: -1/42      AC: 11    Str: 14    XL:     5   Next: 4%
Magic:  7/7        EV: 10    Int: 13    God:    Lugonu [*.....]
Gold:   10         SH:  0    Dex: 12    Spells: 4/4 levels left

rFire    . . .     SeeInvis .   a - +1 spear
rCold    . . .     Faith    +   (no shield)
rNeg     . . .     Spirit   .   g - +0 ring mail
rPois    .         Reflect  .   (no helmet)
rElec    .         Harm     .   (no cloak)
rCorr    .         Rampage  .   (no gloves)
Will     .....                  (no boots)
Stlth    +.........             e - amulet of faith
HPRegen  0.14/turn              (no ring)
MPRegen  0.10/turn              (no ring)

@: lethally poisoned (-1 -> -17), about to teleport, sanguine armoured, studying
Hexes
A: spiny 1, sanguine armour 1
a: Renounce Religion, Depart the Abyss


You were on level 4 of the Dungeon.
You worshipped Lugonu.
Lugonu was aware of your devotion.
You visited 1 branch of the dungeon, and saw 3 of its levels.
You visited the Abyss 1 time.

You collected 58 gold pieces.
You spent 48 gold pieces at shops.

Inventory:

Hand Weapons
 a - a +1 spear (weapon)
Armour
 g - a +0 ring mail (worn)
Jewellery
 e - an amulet of faith (around neck)
Scrolls
 h - 2 scrolls of identify
Potions
 b - a potion of curing {unknown}
 c - a potion of might


   Skills:
 + Level 3.9 Fighting
 + Level 3.0 Polearms
 + Level 2.8 Armour
 + Level 1.4 Dodging
 + Level 0.4 Stealth
 + Level 2.7 Invocations


You had 4 spell levels left.
You didn't know any spells.
Your spell library was empty.

Dungeon Overview and Level Annotations

Branches:
Dungeon (2/15)

Altars:

Shops:
D:2 *([[


Innate Abilities, Weirdness & Mutations

You are partially covered in sharp spines.
When seriously injured, your bleeding wounds create armour. (AC +6)


Message History

You hit the dart slug but do no damage.
The dart slug is heavily wounded.
You hit the dart slug.
The dart slug is almost dead.
The dart slug is struck by your spines.
You kill the dart slug!
Lugonu accepts your kill.
Things that are here:
a scroll labelled MUZANI DYCUI; a hobgoblin corpse You reach to attack!
You closely miss the water moccasin. You miss the water moccasin.
The water moccasin bites you. The water moccasin closely misses you.
You hit the water moccasin.
The water moccasin is lightly wounded.
The water moccasin is struck by your spines.
The water moccasin bites you.
You are poisoned.
The water moccasin poisons you!
You hit the water moccasin.
The water moccasin is lightly wounded.
You hear the slow rusting of a distant drain.
You feel very sick. The water moccasin bites you.
You are more poisoned.
The water moccasin poisons you!
As you read the scroll labelled MUZANI DYCUI, it crumbles to dust.
You feel strangely unstable.
It was a scroll of teleportation.
Your blood congeals into armour.
You feel extremely sick. The water moccasin closely misses you.
The water moccasin bites you.
You are more poisoned.
The water moccasin poisons you!
You feel extremely sick.
* * * LOW HITPOINT WARNING * * *
You feel very sick.
You see here 15 gold pieces.
* * * LOW HITPOINT WARNING * * *
You feel very sick. The water moccasin bites you.
You die...

# # ### .#. ### .... ..
#.# .. .# .....#. .#.
.#..# # .......###.
.###... .# .... #...#
#...# ..# ....###.#.#
#)#.# ...#
#....##)..###.†.##..#.#
#.##.........†.S@.....#
#.##...###..##.######.#
>.##.#.# #.###.#
.....#.....# #.#
.#########.# #.#
...........# #.#
##############.#
#.....# #.....#


You could see a water moccasin.

Vanquished Creatures
  A phantom (D:4)
  An orc wizard (D:4)
  A worm (D:2)
  2 dart slugs
  4 ball pythons
  3 endoplasms
  2 giant cockroaches (D:1)
  2 goblins (D:1)
  7 hobgoblins
  A quokka (D:1)
  2 bats
  4 frilled lizards (D:1)
  2 kobolds
  4 rats (D:1)
36 creatures vanquished.

Notes
Turn   | Place    | Note
-------+----------+-------------------------------------------
     0 | Abyss:1  | leviel the Demonspawn Abyssal Knight began the quest for
                  | the Orb.
     0 | Abyss:1  | Reached XP level 1. HP: 18/18 MP: 2/2
    13 | Abyss:2  | Found a stormy altar of Qazlal.
    35 | Abyss:2  | Noticed a raiju
    38 | Abyss:2  | Noticed a raiju
    96 | Abyss:4  | Noticed a cacodemon
    96 | Abyss:4  | Noticed a sixfirhy
    96 | Abyss:4  | Noticed a sixfirhy
    96 | D:1      | Escaped the Abyss
   194 | D:1      | Found a faded altar of an unknown god.
   473 | D:1      | Gained mutation: When seriously injured, your bleeding
                  | wounds create armour. (AC +6) [demonic ancestry]
   473 | D:1      | Reached XP level 2. HP: 24/24 MP: 3/3
   563 | D:1      | Reached * piety under Lugonu
   587 | D:1      | Reached skill level 1 in Dodging
  1194 | D:2      | Found Iseqi's Armour Shoppe.
  1352 | D:2      | Reached XP level 3. HP: 29/29 MP: 4/4
  1391 | D:2      | Found Xuinu's Armour Shop.
  1406 | D:2      | Found Doxzuynt's Assorted Antiques.
  1410 | D:2      | Found Pogon's Weapon Boutique.
  1413 | D:2      | Bought a scroll labelled WUOGAJO NAMMOM for 24 gold pieces
  1413 | D:2      | Bought a scroll labelled QATZOXOISUO for 24 gold pieces
  1413 | D:2      | Acquired a manual of Hexes
  1719 | D:2      | You fall into a shaft and drop 2 floors!
  1749 | D:4      | Noticed a phantom
  1769 | D:4      | Killed a phantom
  1770 | D:4      | Gained mutation: You are partially covered in sharp spines.
                  | [demonic ancestry]
  1770 | D:4      | Reached XP level 4. HP: 37/37 MP: 4/6
  1774 | D:4      | Reached XP level 5. HP: 42/42 MP: 4/7
  1856 | D:4      | Noticed a water moccasin
  1867 | D:4      | Slain by a water moccasin

Illustrated notes

Levels and vault maps discovered:
D:1:      minmay_arrival_checkered_box, layout_loops_ring,
          chequers_ecumenical_altar_island, minmay_box_of_dots
D:2:      layout_loops_corners, serial_shops, nicolae_shop_trees,
          shop_fountains, shop, nicolae_shop_temple_entry_statues_fountains
D:4:      layout_basic, nicolae_gozag_cash_rules_everything_around_me,
          portal_sewer_entry_d, minmay_starry_boxes

Skill      XL: |  1  2  3 |
---------------+----------+-----
Armour         | 2 |  2.8
Polearms       | 2 3 |  3.0
Dodging        | 1 |  1.4
Fighting       | |  3.9
Stealth        | |  0.4
Invocations    | |  2.7

Action                   |  1- 3 |  4- 6 || total
-------------------------+-------+-------++-------
Melee: Spear             |   113 |    13 ||   126
Invok: Depart the Abyss  |     1 |       ||     1
  Use: Scroll            |     6 |     1 ||     7
       Potion            |     3 |       ||     3
 Stab: Invisible         |       |     1 ||     1
Armor: Leather armour    |    12 |       ||    12
       Ring mail         |     6 |     2 ||     8
Dodge: Dodged            |    40 |     3 ||    43

Table legend: (Time is in decaauts)
 A = Elapsed time spent in this place.
 B = Non-inter-level travel time spent in this place.
 C = Inter-level travel time spent in this place.
 D = Time resting spent in this place.
 E = Time spent auto-exploring this place.
 F = Levels seen in this place.
 G = Mean time per level.
                   A        B        C        D        E       F      G
               +--------+--------+--------+--------+--------+-----+--------+
         Total |   1877 |   1856 |     21 |    194 |   1338 |   7 |  268.1 |
       Dungeon |   1782 |   1761 |     21 |    194 |   1292 |   3 |  594.0 |
         Abyss |     95 |     95 |      0 |      0 |     46 |   4 |   23.8 |
               +--------+--------+--------+--------+--------+-----+--------+

Top non-repeatable levels by time:
     D:1: 1103 daAuts
     D:2: 524 daAuts
     D:4: 154 daAuts
 Abyss:2: 52 daAuts
 Abyss:4: 18 daAuts
 Abyss:3: 17 daAuts
 Abyss:1: 6 daAuts
